 Dungeon Crawl Stone Soup version 0.17-a0-2231-gd80ca38 (webtiles) character file.

61 M4edhros the Sneak (level 4, 0/28 HPs)
             Began as an Octopode Artificer on Oct 29, 2015.
             Succumbed to an adder's poison
             ... on level 3 of the Dungeon.
             The game lasted 00:01:44 (659 turns).

M4edhros the Sneak (Octopode Artificer)              Turns: 659, Time: 00:01:45

Health: 0/28       AC: -1    Str: 10    XL:     4   Next: 7%
Magic:  7/7        EV: 12    Int: 14    God:
Gold:   58         SH:  0    Dex: 13    Spells: 0 memorised, 3 levels left

rFire  . . .     SeeInvis .     a - +0 short sword
rCold  . . .     Clarity  .     (no shield)
rNeg   . . .     SustAt   .     (helmet restricted)
rPois  .         Gourm    .     (no amulet)
rElec  .         Spirit   .     j - -2 ring of protection (curse)
rCorr  .         Warding  .     (no ring)
rMut   .         Stasis   .     (no ring)
MR     .....                    (no ring)
Stlth  ++++......               (no ring)
                                (no ring)
                                (no ring)
                                (no ring)

@: lethally poisoned (0 -> -4), not resistant to hostile enchantments, stealthy
A: almost no armour, amphibious, 8 rings, constrict 8, camouflage 1, gelatinous
body 1
a: no special abilities


You were on level 3 of the Dungeon.
You were not hungry.

You visited 1 branch of the dungeon, and saw 3 of its levels.

You collected 58 gold pieces.

Inventory:

Hand Weapons
 a - a +0 short sword (weapon)
 k - a +0 hunting sling
Missiles
 l - 56 stones (quivered)
Jewellery
 j - a cursed -2 ring of protection (left tentacle)
Wands
 b - a wand of flame (14)
 c - a wand of enslavement (10)
 d - a wand of random effects (11)
Scrolls
 h - a scroll of identify {unknown}
 m - a scroll of teleportation {unknown}
 n - a scroll of amnesia {unknown}
Comestibles
 e - 2 bread rations
 i - a slice of pizza


   Skills:
 - Level 1.0 Fighting
 - Level 1.0 Short Blades
 - Level 2.0 Dodging
 * Level 4.3 Stealth
 + Level 4.1 Evocations


You had 3 spell levels left.
You didn't know any spells.

Dungeon Overview and Level Annotations

Branches:
Dungeon (3/15)

Altars:


Innate Abilities, Weirdness & Mutations

You cannot wear most types of armour.
You are amphibious.
You can wear up to eight rings at the same time.
You can use your tentacles to constrict eight enemies at once.
Your skin changes colour to match your surroundings (Stealth).
Your rubbery body absorbs attacks (AC +1).


Message History

As you read the scroll labeled TODGHI KAOT, it crumbles to dust.
It is a scroll of enchant armour.
You aren't carrying any armour which can be enchanted further.
Read which item? (? for menu, Esc to quit)
Okay, then.
You aren't carrying any potions.
Unknown command.
Evoke which item? (* to show all) (? for menu, Esc to quit)
Zapping:
d - a wand of random effects (12)
Press: ? - help, Shift-Dir - straight line, f/p - adder
Aim: an adder (fast, fleeing)
The fireball explodes!
The fireball engulfs the adder.
You kill the adder!
You have reached level 4!
This wand has 11 charges left.
* * * LOW HITPOINT WARNING * * *
You feel sick.
There is a lethal amount of poison in your body!
There is a lethal amount of poison in your body!
You die...

......$#(#.#....#
.......#(..#....#
.......##..#....##
#########........#
.......>......#
#######(......#
#.......#
#.......#
#.....@.#
#########


There were no monsters in sight!

Vanquished Creatures
  3 adders
  2 oozes (D:1)
  A worm (D:3)
  A bat (D:1)
  A giant cockroach (D:1)
  3 hobgoblins (D:3)
  A quokka (D:2)
  A giant newt (D:2)
  3 goblins
  3 kobolds
  5 rats
24 creatures vanquished.

Vanquished Creatures (collateral kills)
  2 jackals (D:3)
  A kobold (D:3)
3 creatures vanquished.

Grand Total: 27 creatures vanquished

Notes
Turn   | Place    | Note
--------------------------------------------------------------
     0 | D:1      | M4edhros the Octopode Artificer began the quest for the Orb.
     0 | D:1      | Reached XP level 1. HP: 13/13 MP: 3/3
    35 | D:1      | Reached XP level 2. HP: 8/18 MP: 4/4
   296 | D:2      | Reached XP level 3. HP: 17/23 MP: 5/5
   568 | D:3      | Reached skill level 4 in Evocations
   657 | D:3      | Reached XP level 4. HP: 2/28 MP: 7/7
   657 | D:3      | HP: 1/28 [poisoned by an adder]
   659 | D:3      | Succumbed to an adder's poison

Vault maps used:
D:1:      erik_arrival_gehennom, serial_forest, infiniplex_forest_lined_3,
          infiniplex_forest_clump_double, infiniplex_forest_lined_4_way,
          infiniplex_forest_join, infiniplex_forest_end_2,
          infiniplex_forest_clump_curved, infiniplex_forest_straight_3,
          infiniplex_forest_lined_3, infiniplex_forest_clump_C,
          nemelex_diamond_rough_becter
D:2:      minmay_unequal
D:3:      nicolae_tso_carved_into_rock

Action                   |  1- 3 |  4- 6 || total
-------------------------+-------+-------++-------
Melee: Short sword       |    48 |       ||    48
Evoke: Wand              |     9 |     1 ||    10
  Use: Potion            |     4 |       ||     4
       Scroll            |     2 |       ||     2
 Stab: Sleeping          |     7 |       ||     7
       Distracted        |     1 |       ||     1
